[Event "Titled Tuesday Blitz March 21 Early 2023"]
[White "Bogaudinov, Rushan"]
[Black "Kopczynski, Michal"]
[WhiteFideId "4129288"]
[BlackFideId "1124200"]
[WhiteElo "1949"]
[BlackElo "2212"]
[Result "1-0"]
[Round "09"]
[TimeControl "180+2"]
[Date "2023.03.21"]
[WhiteClock "0:00:04"]
[BlackClock "0:00:03"]

1. d4 Nf6 2. Nf3 g6 3. e3 Bg7 4. Be2 d6 5. O-O O-O 6. b3 Nfd7 7. Bb2 Nc6 8. c4 e5 9. dxe5 Ndxe5 10. Nxe5 Nxe5 11. Qc1 Qh4 12. g3 Qh3 13. Nd2 Bg4 14. f3 Bd7 15. Rf2 Rae8 16. Bf1 Qh6 17. e4 Bh3 18. Bxh3 Nd3 19. Bxg7 Qxg7 20. Qf1 Nxf2 21. Kxf2 Qd4+ 22. Ke2 f5 23. Qg1 Qb2 24. Rb1 Qxa2 25. Qe3 fxe4 26. fxe4 Re5 27. Rf1 Rfe8 28. Bg2 a5 29. Qf4 R5e7 30. h4 a4 31. bxa4 Qxa4 32. h5 gxh5 33. Qg5+ Rg7 34. Qd5+ Kh8 35. Qxh5 Qd7 36. Bh3 Qe7 37. Bf5 Rxg3 38. Rh1 Rg7 39. Nf3 c6 40. Qh4 Qxh4 41. Rxh4 d5 42. cxd5 cxd5 43. Ke3 dxe4 44. Bxe4 b5 45. Nd4 b4 46. Nf5 Rg1 47. Kf2 Rg5 48. Nd6 Re7 49. Rf4 b3 50. Nf7+ Rxf7 51. Rxf7 h5 52. Rb7 Re5 53. Kf3 h4 54. Rh7+ Kg8 55. Rxh4 b2 56. Rh1 Rb5 57. Rb1 Rb4 58. Ke3 Kf7 59. Kd3 Ke6 60. Bh7 Ke5 61. Kc3 Rb8 62. Bc2 Kf4 63. Bb3 Rc8+ 64. Kxb2 Ke3 65. Rh1 Ke4 66. Rh4+ Ke5 67. Bc4 Kf5 68. Kc3 Kg5 69. Rd4 Kf6 70. Kd3 Ke5 71. Re4+ Kf6 72. Kd4 Rd8+ 73. Bd5 Rb8 74. Rf4+ Kg5 75. Rf1 Rb4+ 76. Ke5 Rb8 77. Rg1+ Kh4 78. Be6 Rf8 79. Rg2 Kh5 80. Bf5 Kh4 81. Kf4 Kh5 82. Rh2# 1-0


[Site "https://www.chess.com"]

[Event "Titled Tuesday Blitz March 21 Early 2023"]
[White "TigranHH"]
[Black "Bilan, Danila"]
[BlackFideId "24161918"]
[WhiteElo "2297"]
[BlackElo "2182"]
[Result "0-1"]
[Round "09"]
[TimeControl "180+2"]
[Date "2023.03.21"]
[WhiteClock "0:00:18"]
[BlackClock "0:00:03"]

1. d4 d5 2. c4 c6 3. Nc3 Nf6 4. e3 e6 5. Nf3 Nbd7 6. Bd3 Bd6 7. O-O O-O 8. e4 dxc4 9. Bxc4 e5 10. Bg5 Qc7 11. Bb3 exd4 12. Qxd4 Ng4 13. h3 Nge5 14. Nh4 Nc5 15. Rad1 Be7 16. Bxe7 Qxe7 17. Nf5 Bxf5 18. exf5 Nxb3 19. axb3 Rfd8 20. Qe4 Qf6 21. Rfe1 Rxd1 22. Nxd1 Nd7 23. Ne3 Qxb2 24. Ng4 h6 25. Qe7 Nf6 26. Ne5 Qxb3 27. g4 Re8 28. Qc7 Qd5 29. Re3 b5 30. Qxa7 b4 31. Qb7 Rxe5 32. Qb8+ Re8 33. Rxe8+ Nxe8 34. Qxe8+ Kh7 35. Qe3 b3 36. Qc3 c5 37. f3 c4 38. Kf2 Qd1 39. Ke3 Qd5 40. Ke2 Qb5 41. Ke3 b2 42. Qc2 b1=Q 0-1


[Site "https://www.chess.com"]

[Event "Titled Tuesday Blitz March 21 Early 2023"]
[White "sebastianmarinp"]
[Black "Bas Mas, Jose Joaquin"]
[BlackFideId "22219064"]
[WhiteElo "2291"]
[BlackElo "2233"]
[Result "0-1"]
[Round "09"]
[TimeControl "180+2"]
[Date "2023.03.21"]
[WhiteClock "0:00:08"]
[BlackClock "0:00:23"]

1. e4 e6 2. d4 d5 3. Nc3 Nf6 4. e5 Nfd7 5. f4 c5 6. Nf3 Nc6 7. Be3 Be7 8. Qd2 O-O 9. Qf2 Rb8 10. Be2 a6 11. O-O Qc7 12. dxc5 Nb4 13. Nd4 Bxc5 14. Rac1 Nc6 15. Nxe6 fxe6 16. Bxc5 Nxc5 17. Qxc5 Bd7 18. Bd3 Rbc8 19. Ne2 Qd8 20. Qe3 Nb4 21. a3 Nxd3 22. cxd3 Qa5 23. Nd4 Qb6 24. b4 Bb5 25. Rfd1 Ba4 26. Re1 a5 27. Nf5 Qxe3+ 28. Nxe3 Rxc1 29. Rxc1 axb4 30. axb4 Rxf4 31. Rc8+ Kf7 32. Rc7+ Kg6 33. Rxb7 Rd4 34. Kf2 Rxd3 35. Rb6 d4 36. Nc4 Bb3 37. Nd6 Bd5 38. g3 Rd2+ 39. Ke1 Rxh2 40. b5 d3 41. Ra6 d2+ 0-1


[Site "https://www.chess.com"]

[Event "Titled Tuesday Blitz March 21 Early 2023"]
[White "Kovalevsky, Stanislav"]
[Black "Sarkar, Justin"]
[WhiteFideId "13508598"]
[BlackFideId "2010011"]
[WhiteElo "2174"]
[BlackElo "2189"]
[Result "0-1"]
[Round "09"]
[TimeControl "180+2"]
[Date "2023.03.21"]
[WhiteClock "0:00:02"]
[BlackClock "0:00:09"]

1. c4 e5 2. Nc3 Nf6 3. g3 Bb4 4. Bg2 O-O 5. e4 Bxc3 6. dxc3 d6 7. Qe2 Nc6 8. Nf3 a5 9. Nd2 a4 10. Nf1 Nd7 11. Ne3 Nc5 12. O-O Ne7 13. f4 exf4 14. gxf4 f5 15. e5 dxe5 16. fxe5 c6 17. Nc2 Ng6 18. Be3 Ne6 19. Rad1 Qe7 20. Bb6 Nef4 21. Qf2 Qg5 22. Kh1 Qxg2+ 23. Qxg2 Nxg2 24. Kxg2 Nxe5 25. Ne3 f4 26. Bd4 fxe3 27. Rxf8+ Kxf8 28. Bxe5 e2 29. Re1 Bg4 30. Kg3 Bh5 31. c5 Re8 32. Kf4 g5+ 33. Ke4 Kf7 34. Kd4 Kg6 0-1


[Site "https://www.chess.com"]

[Event "Titled Tuesday Blitz March 21 Early 2023"]
[White "Blokhin, Sofia"]
[Black "Begunov, Konstantin"]
[WhiteFideId "4508190"]
[BlackFideId "4118510"]
[WhiteElo "1994"]
[BlackElo "2079"]
[Result "0-1"]
[Round "09"]
[TimeControl "180+2"]
[Date "2023.03.21"]
[WhiteClock "0:00:06"]
[BlackClock "0:00:10"]

1. d4 d5 2. c4 c6 3. Nc3 Nf6 4. cxd5 cxd5 5. Bf4 Nc6 6. e3 a6 7. Bd3 Bg4 8. Nf3 e6 9. h3 Bh5 10. O-O Bd6 11. g4 Bxf4 12. exf4 Bg6 13. f5 exf5 14. Re1+ Ne7 15. gxf5 Bh5 16. Qa4+ b5 17. Qd1 O-O 18. Qe2 Re8 19. Qe3 Nxf5 20. Qg5 Bxf3 21. Bxf5 Ne4 22. Qf4 Bh5 23. Nxe4 dxe4 24. Bxe4 Rc8 25. Rac1 Rxc1 26. Rxc1 Qe7 27. Bd3 Bg6 28. Bf1 Qd7 29. Bg2 Rd8 30. Rc7 Qe6 31. d5 Qe1+ 32. Kh2 h6 33. d6 Qd1 34. Be4 Rxd6 35. Bxg6 Rxg6 36. Qxf7+ Kh7 37. Rc8 Qg1# 0-1


[Site "https://www.chess.com"]

[Event "Titled Tuesday Blitz March 21 Early 2023"]
[White "Vedder, Richard"]
[Black "Harriott, Tyrell"]
[WhiteFideId "1004166"]
[BlackFideId "2086484"]
[WhiteElo "2168"]
[BlackElo "2107"]
[Result "0-1"]
[Round "09"]
[TimeControl "180+2"]
[Date "2023.03.21"]
[WhiteClock "0:01:53"]
[BlackClock "0:01:53"]

1. d4 e6 2. e4 d5 3. e5 c5 4. c3 Nc6 5. Nf3 f5 6. Be2 Nge7 7. O-O Ng6 8. Bg5 Be7 9. Bxe7 Qxe7 10. a3 O-O 11. b4 c4 12. Nbd2 Nf4 13. g3 Nxe2+ 14. Qxe2 f4 15. Kh1 Nd8 16. Rg1 Bd7 17. gxf4 Rxf4 18. Rg3 Be8 19. Rag1 Bg6 20. Ne1 Qf8 21. R1g2 Nf7 22. Kg1 Nh6 23. Rxg6 hxg6 24. Rxg6 Qf5 25. Rg3 Rf8 26. f3 Qh5 27. Kg2 Nf5 28. Rh3 Qg5+ 29. Kh1 Rh4 30. Rxh4 Qxh4 31. Ng2 Ng3+ 0-1


[Site "https://www.chess.com"]

[Event "Titled Tuesday Blitz March 21 Early 2023"]
[White "Delorme, Alban"]
[Black "Fernandez Garcia, Gumersindo"]
[WhiteFideId "623636"]
[BlackFideId "24516740"]
[WhiteElo "2196"]
[BlackElo "2093"]
[Result "0-1"]
[Round "09"]
[TimeControl "180+2"]
[Date "2023.03.21"]
[WhiteClock "0:00:49"]
[BlackClock "0:01:32"]

1. e4 d6 2. d4 Nf6 3. Nc3 e5 4. Nf3 Nbd7 5. a3 Be7 6. Bc4 O-O 7. O-O c6 8. dxe5 dxe5 9. h3 Qc7 10. Qe2 a5 11. Bg5 b5 12. Bb3 Ba6 13. Qe3 Bc5 14. Qd2 Rad8 15. Rfe1 h6 16. Be3 Nb6 17. Qc1 Bd4 18. Ne2 c5 19. c3 Bxe3 20. Qxe3 c4 21. Bc2 Bb7 22. Ng3 Nbd7 23. Rad1 Nc5 24. Nh4 Rxd1 25. Rxd1 Rd8 26. Re1 Nd3 27. Rb1 Qc5 28. Qf3 Nf4 29. Ngf5 Rd2 30. Qg3 Ne2+ 0-1


[Site "https://www.chess.com"]

[Event "Titled Tuesday Blitz March 21 Early 2023"]
[White "Fernandez Hernandez, Gerardo"]
[Black "Torres Dominguez, David"]
[WhiteFideId "2207400"]
[BlackFideId "2220857"]
[WhiteElo "2224"]
[BlackElo "1999"]
[Result "1-0"]
[Round "09"]
[TimeControl "180+2"]
[Date "2023.03.21"]
[WhiteClock "0:00:05"]
[BlackClock "0:00:01"]

1. e4 e5 2. Nf3 Nc6 3. Nc3 Nf6 4. Bb5 Nd4 5. Bc4 d6 6. O-O Bg4 7. Be2 Nxe2+ 8. Qxe2 Be7 9. h3 Bh5 10. d3 Qd7 11. Be3 h6 12. d4 exd4 13. Bxd4 a6 14. Nd5 Nxd5 15. exd5 O-O 16. g4 Bg6 17. Rfe1 Rae8 18. Qd2 c5 19. dxc6 Qxc6 20. Qc3 Be4 21. Qxc6 Bxc6 22. Nd2 Bg5 23. Nc4 Bf4 24. Be3 Be5 25. f4 Bf6 26. c3 Rd8 27. Rad1 Bh4 28. Bf2 Bxf2+ 29. Kxf2 d5 30. Ne5 Rfe8 31. Rd4 f6 32. Ng6 Rxe1 33. Kxe1 Re8+ 34. Kf2 Kf7 35. f5 h5 36. Nf4 hxg4 37. hxg4 Re4 38. Rxe4 dxe4 39. Ke3 Ke7 40. Ne2 1-0


[Site "https://www.chess.com"]

[Event "Titled Tuesday Blitz March 21 Early 2023"]
[White "Piesik, Piotr"]
[Black "Tarnowska, Aleksandra"]
[WhiteFideId "1136194"]
[BlackFideId "1180967"]
[WhiteElo "2311"]
[BlackElo "1776"]
[Result "1-0"]
[Round "09"]
[TimeControl "180+2"]
[Date "2023.03.21"]
[WhiteClock "0:01:36"]
[BlackClock "0:00:02"]

1. Nf3 d5 2. g3 Nf6 3. Bg2 Bf5 4. O-O e6 5. c4 c6 6. cxd5 cxd5 7. d3 Be7 8. Qb3 b6 9. Nc3 Nbd7 10. Nd4 Nc5 11. Qb5+ Qd7 12. Nxf5 exf5 13. Nxd5 Nxd5 14. Qxd7+ Kxd7 15. Bxd5 Rad8 16. Bxf7 Rhf8 17. Bc4 h6 18. b4 Ne6 19. Bxe6+ Kxe6 20. b5 g5 21. Bd2 f4 22. f3 h5 23. Rac1 Bc5+ 24. Kg2 h4 25. gxh4 gxh4 26. Kh3 Rf5 27. Rc4 Rg8 28. Rxf4 Rfg5 29. Re4+ Kd6 30. Bxg5 Rxg5 31. f4 Rg6 32. f5 Rf6 33. Re6+ Rxe6 34. fxe6 Kxe6 35. Kxh4 Be7+ 36. Kg4 1-0


[Site "https://www.chess.com"]

[Event "Titled Tuesday Blitz March 21 Early 2023"]
[White "Botez, Alexandra"]
[Black "Yelisieiev, Yevhenii"]
[WhiteFideId "2603365"]
[BlackFideId "14139642"]
[WhiteElo "2059"]
[BlackElo "2447"]
[Result "0-1"]
[Round "09"]
[TimeControl "180+2"]
[Date "2023.03.21"]
[WhiteClock "0:00:05"]
[BlackClock "0:00:10"]

1. d4 d6 2. c4 e5 3. Nf3 Nd7 4. e4 Ngf6 5. Nc3 Be7 6. Be3 O-O 7. Bd3 c6 8. h3 a6 9. O-O b5 10. b4 Re8 11. d5 bxc4 12. dxc6 cxd3 13. cxd7 Qxd7 14. Qxd3 Bb7 15. Rfd1 Rec8 16. Nd2 Rc6 17. Nb3 Rac8 18. Na4 Bd8 19. f3 Rc4 20. Nac5 Qb5 21. Qxd6 Bc7 22. Qd3 Rxb4 23. Qd2 Bb6 24. Nd7 Nxd7 25. Qxd7 Bxe3+ 26. Kh2 Qxd7 27. Rxd7 Bc6 28. Rd6 Bb5 29. Rad1 f6 30. h4 Bf4+ 31. Kh3 h5 32. g3 Be3 33. g4 hxg4+ 34. Kxg4 Rbc4 35. Kf5 Be8 36. Rh1 Bh5 37. Rd7 Re8 38. Rb1 g6+ 39. Kxf6 Rc6+ 40. Rd6 Rxd6# 0-1


[Site "https://www.chess.com"]

[Event "Titled Tuesday Blitz March 21 Early 2023"]
[White "Jaskolka, Tomasz"]
[Black "Abrosimov, Vladimir"]
[WhiteFideId "1170791"]
[BlackFideId "4166892"]
[WhiteElo "2155"]
[BlackElo "2336"]
[Result "1-0"]
[Round "09"]
[TimeControl "180+2"]
[Date "2023.03.21"]
[WhiteClock "0:00:51"]
[BlackClock "0:00:01"]

1. e4 c5 2. Nf3 d6 3. b4 cxb4 4. d4 Nf6 5. Bd3 Nc6 6. a3 bxa3 7. c3 e5 8. d5 Nb8 9. Nxa3 Be7 10. Nb5 a6 11. Nxe5 dxe5 12. d6 Bxd6 13. Nxd6+ Qxd6 14. Bb5+ axb5 15. Qxd6 Rxa1 16. Qxb8 Rxc1+ 17. Kd2 Rxh1 18. Qxc8+ Ke7 19. Qxh8 Nxe4+ 20. Kc2 Rf1 21. Qxg7 Rxf2+ 22. Kd3 Nf6 23. Qg3 Rd2+ 24. Ke3 Rd5 25. Qf3 e4 26. Qf4 Rd3+ 27. Ke2 Rxc3 28. Qe5+ Kf8 29. Qxc3 Nd5 30. Qc5+ Ne7 31. Qxb5 Kg7 32. Qxb7 Ng6 33. Qxe4 h6 34. Qd4+ Kh7 35. Qa1 Nf8 36. Kf3 Ne6 37. Ke4 Ng5+ 38. Kf5 Ne6 39. Kf6 Ng5 40. h4 1-0


[Site "https://www.chess.com"]

[Event "Titled Tuesday Blitz March 21 Early 2023"]
[White "Manukian, Artak"]
[Black "Fajdetic, Hrvoje"]
[WhiteFideId "13301373"]
[BlackFideId "14501945"]
[WhiteElo "2130"]
[BlackElo "2185"]
[Result "1-0"]
[Round "09"]
[TimeControl "180+2"]
[Date "2023.03.21"]
[WhiteClock "0:00:51"]
[BlackClock "0:00:06"]

1. e4 c5 2. Nf3 a6 3. c3 d5 4. exd5 Qxd5 5. d4 Nf6 6. Be3 cxd4 7. cxd4 Bg4 8. Be2 e6 9. Nc3 Bb4 10. O-O Bxc3 11. bxc3 O-O 12. h3 Qa5 13. c4 Bh5 14. Qb3 b5 15. cxb5 axb5 16. Qxb5 Qxb5 17. Bxb5 Bxf3 18. gxf3 Nd5 19. a4 Na6 20. Rfc1 Nac7 21. Bf1 Ra7 22. a5 Rfa8 23. Bd2 Na6 24. Rab1 h6 25. Rc6 Nac7 26. Bd3 Kf8 27. Rc5 Ke7 28. Rbc1 Kd7 29. h4 Rb8 30. Kf1 Rb2 31. R5c2 Rb3 32. Ke2 Ra3 33. Rb2 Ne8 34. Bb5+ Ke7 35. Rcc2 Nd6 36. Bd3 g5 37. hxg5 hxg5 38. Bxg5+ f6 39. Bd2 e5 40. dxe5 fxe5 41. Ra2 Rxa2 42. Rxa2 Nf4+ 43. Bxf4 exf4 44. a6 Kd7 45. Ra4 Kc6 46. Rxf4 Re7+ 47. Kd2 Kb6 48. Rf6 Kc5 49. f4 Ne8 50. Rh6 Nc7 51. f5 Nd5 52. Re6 Ra7 53. f6 Nb4 54. Re7 Ra8 55. f7 Rf8 56. Bg6 Nc6 57. Re8 Rxe8 58. fxe8=Q 1-0


[Site "https://www.chess.com"]

[Event "Titled Tuesday Blitz March 21 Early 2023"]
[White "Simonovic, Miroslav"]
[Black "Rottenwohrer Suarez, Juan"]
[WhiteFideId "919152"]
[BlackFideId "32068182"]
[WhiteElo "2042"]
[BlackElo "2174"]
[Result "1-0"]
[Round "09"]
[TimeControl "180+2"]
[Date "2023.03.21"]
[WhiteClock "0:00:33"]
[BlackClock "0:00:26"]

1. d4 Nf6 2. Bg5 c5 3. Bxf6 gxf6 4. d5 Qb6 5. Nd2 Qxb2 6. Rb1 Qc3 7. e4 Bh6 8. Nf3 d6 9. Rb3 Qa5 10. Bb5+ Nd7 11. O-O a6 12. Nc4 Qc7 13. Bxd7+ Bxd7 14. Nb6 Rb8 15. c4 O-O 16. Nh4 Bg5 17. Qh5 Bxh4 18. Qxh4 Kh8 19. Nxd7 Qxd7 20. Rh3 Qxh3 21. Qxh3 b5 22. cxb5 axb5 23. Qd7 Rfe8 24. a3 b4 25. axb4 cxb4 26. Rb1 Kg7 27. g3 Kf8 28. Qa4 Rec8 29. Rxb4 Rxb4 30. Qxb4 Rd8 31. Kg2 Rd7 32. Qb5 Rd8 33. h4 Kg7 34. Qe2 Kg8 35. Qg4+ Kh8 36. h5 h6 37. Qf4 Kg7 38. Qf5 Kg8 39. f4 Kh8 40. g4 Kg7 41. g5 fxg5 42. fxg5 Rg8 43. Kf3 hxg5 44. Qxg5+ Kf8 45. Qh6+ Rg7 46. Kf4 f6 47. Kf5 Kg8 48. Ke6 1-0


[Site "https://www.chess.com"]

[Event "Titled Tuesday Blitz March 21 Early 2023"]
[White "Baches Garcia, Guillermo"]
[Black "Ciuffoletti, Paolo"]
[WhiteFideId "2209764"]
[BlackFideId "807630"]
[WhiteElo "2432"]
[BlackElo "2143"]
[Result "1-0"]
[Round "09"]
[TimeControl "180+2"]
[Date "2023.03.21"]
[WhiteClock "0:01:39"]
[BlackClock "0:00:09"]

1. e4 c5 2. Nf3 Nc6 3. d4 cxd4 4. Nxd4 Nf6 5. Nc3 e5 6. Ndb5 d6 7. Nd5 Nxd5 8. exd5 Nb8 9. a4 Be7 10. Be2 O-O 11. Bd2 a6 12. Na3 b6 13. Nc4 Nd7 14. Bb4 Nc5 15. a5 b5 16. Nb6 Rb8 17. Nxc8 Rxc8 18. O-O f5 19. Ra3 e4 20. f4 Bf6 21. c3 Re8 22. Qc2 Qe7 23. Raa1 e3 24. Qxf5 Ne4 25. Bd3 Nd2 26. Qxh7+ Kf8 27. Qh8+ Kf7 28. Qh5+ Kf8 29. Bg6 Qa7 1-0


[Site "https://www.chess.com"]

[Event "Titled Tuesday Blitz March 21 Early 2023"]
[White "Vivas Zamora, Fabian Ernesto"]
[Black "salgadoLO"]
[WhiteFideId "3902480"]
[WhiteElo "2262"]
[BlackElo "2195"]
[Result "1-0"]
[Round "09"]
[TimeControl "180+2"]
[Date "2023.03.21"]
[WhiteClock "0:00:06"]
[BlackClock "0:00:06"]

1. e4 c5 2. Nc3 a6 3. g3 b5 4. Bg2 Bb7 5. Nh3 e6 6. d3 b4 7. Na4 d5 8. exd5 Bxd5 9. O-O Nf6 10. Bg5 Bxg2 11. Kxg2 Qd5+ 12. Qf3 Nbd7 13. Bxf6 Nxf6 14. Nb6 Qxf3+ 15. Kxf3 Rb8 16. Nc4 Be7 17. a3 b3 18. c3 O-O 19. a4 Rfd8 20. Rfd1 Nd5 21. Nf4 Nxf4 22. Kxf4 Rd5 23. Ke3 g5 24. f3 h5 25. Ra3 f5 26. a5 f4+ 27. Ke2 fxg3 28. hxg3 Kg7 29. Nb6 Re5+ 30. Kf2 Rf8 31. Nd7 Ref5 32. Nxf8 Bxf8 33. Rxb3 Bd6 34. Rb7+ Kg6 35. Rb6 Be7 36. Rxe6+ Kf7 37. Rxa6 h4 38. gxh4 gxh4 39. Re1 Bg5 40. Ra7+ Kg6 41. Ra6+ Kh5 42. Re8 Bh6 43. Rh8 h3 44. Rhxh6+ 1-0


[Site "https://www.chess.com"]

[Event "Titled Tuesday Blitz March 21 Early 2023"]
[White "Korpics, Zsolt"]
[Black "Jaivardhan Raj"]
[WhiteFideId "705241"]
[BlackFideId "25744437"]
[WhiteElo "2311"]
[BlackElo "1772"]
[Result "1-0"]
[Round "09"]
[TimeControl "180+2"]
[Date "2023.03.21"]
[WhiteClock "0:00:57"]
[BlackClock "0:00:48"]

1. e4 c5 2. Nf3 e6 3. d4 cxd4 4. Nxd4 Nc6 5. Nc3 a6 6. Be3 Qc7 7. a3 Nf6 8. f4 d6 9. Qf3 Nd7 10. O-O-O Nxd4 11. Bxd4 Nc5 12. g4 e5 13. fxe5 dxe5 14. Nd5 Qd6 15. Bc4 exd4 16. e5 Qh6+ 17. Kb1 Ne6 18. Rhf1 Qg6 19. Bd3 Ng5 20. Nc7+ Kd8 21. Qd5+ Kxc7 22. Bxg6 hxg6 23. e6 Nxe6 24. Rxf7+ Kb8 25. Rd3 Nc5 26. Qe5+ Ka7 27. Rxd4 Be6 28. Rxf8 Raxf8 29. Qxc5+ Kb8 30. Qd6+ Ka8 31. Qxe6 Rf1+ 32. Ka2 Rxh2 33. Rd8+ Ka7 34. Qe3+ b6 35. Qe7# 1-0


[Site "https://www.chess.com"]

[Event "Titled Tuesday Blitz March 21 Early 2023"]
[White "Mirzanurov, Bulat"]
[Black "Ardila, Oscar Humberto"]
[WhiteFideId "4184521"]
[BlackFideId "4404742"]
[WhiteElo "2019"]
[BlackElo "1911"]
[Result "0-1"]
[Round "09"]
[TimeControl "180+2"]
[Date "2023.03.21"]
[WhiteClock "0:02:35"]
[BlackClock "0:02:39"]

1. e4 e5 2. Nf3 Nf6 3. Nxe5 d6 4. Nf3 Nxe4 5. d4 Be7 6. Bd3 Nf6 7. O-O Bg4 8. h3 Bh5 9. c4 O-O 10. Be3 Nc6 11. a3 Re8 12. Nbd2 Qd7 13. b4 Bg6 14. Bxg6 hxg6 15. b5 Nd8 16. Qc2 c6 17. a4 Ne6 0-1


[Site "https://www.chess.com"]

[Event "Titled Tuesday Blitz March 21 Early 2023"]
[White "Mrudul Dehankar"]
[Black "lisjakzlatko1"]
[WhiteFideId "25096990"]
[WhiteElo "2139"]
[BlackElo "2197"]
[Result "1-0"]
[Round "09"]
[TimeControl "180+2"]
[Date "2023.03.21"]
[WhiteClock "0:00:40"]
[BlackClock "0:00:04"]

1. e4 d6 2. d4 Nf6 3. Nc3 c6 4. Nf3 Bg4 5. h3 Bh5 6. Be2 e6 7. Be3 Be7 8. Qd2 O-O 9. O-O-O d5 10. e5 Ne4 11. Nxe4 dxe4 12. Nh2 Bxe2 13. Qxe2 Bg5 14. Qg4 Bxe3+ 15. fxe3 Qd5 16. Kb1 a5 17. Nf1 a4 18. Ng3 a3 19. b3 Qa5 20. Nxe4 Nd7 21. Rhf1 c5 22. Qg5 cxd4 23. exd4 Nb6 24. Rf3 Kh8 25. Rg3 Rg8 26. Qh5 g6 27. Qh4 Rg7 28. Rf3 Nd5 29. c4 Nb6 30. Ng5 Rf8 31. Nxe6 Rc8 32. Nxg7 Nxc4 33. bxc4 Qb4+ 34. Rb3 Qxc4 35. Qf2 Kxg7 36. Qd2 h5 37. Rc1 1-0


[Site "https://www.chess.com"]

[Event "Titled Tuesday Blitz March 21 Early 2023"]
[White "Coelho, Ramyres Santana"]
[Black "Fabris, Alberto"]
[WhiteFideId "2120690"]
[BlackFideId "801348"]
[WhiteElo "1888"]
[BlackElo "2196"]
[Result "0-1"]
[Round "09"]
[TimeControl "180+2"]
[Date "2023.03.21"]
[WhiteClock "0:01:11"]
[BlackClock "0:01:02"]

1. e4 c5 2. Nf3 d6 3. d4 cxd4 4. Nxd4 Nf6 5. Nc3 a6 6. f3 e5 7. Nb3 Be7 8. Be3 Qc7 9. Qd2 Nbd7 10. O-O-O h5 11. Bg5 b5 12. Nd5 Nxd5 13. exd5 Nf6 14. f4 Ne4 15. Qe3 Nxg5 16. fxg5 Bf5 17. Bd3 Qd7 18. Rhf1 Bxd3 19. Rxd3 g6 20. h4 O-O 21. Rd2 a5 22. Rdf2 Qg4 23. g3 b4 24. Nd2 Rac8 25. Ne4 a4 26. Nf6+ Bxf6 27. Rxf6 Qc4 28. R1f2 Qxd5 29. Kb1 b3 30. axb3 axb3 31. cxb3 Qd1+ 32. Ka2 Ra8+ 0-1


[Site "https://www.chess.com"]

[Event "Titled Tuesday Blitz March 21 Early 2023"]
[White "Martinez, Shawn"]
[Black "Kiseleva, Arina"]
[WhiteFideId "2039770"]
[BlackFideId "4164989"]
[WhiteElo "2174"]
[BlackElo "1756"]
[Result "1/2-1/2"]
[Round "09"]
[TimeControl "180+2"]
[Date "2023.03.21"]
[WhiteClock "0:00:12"]
[BlackClock "0:00:02"]

1. e4 c6 2. d4 d5 3. exd5 cxd5 4. Bd3 Nc6 5. c3 Nf6 6. h3 g6 7. Nf3 Bf5 8. O-O Bxd3 9. Qxd3 e6 10. Re1 h5 11. Bg5 Be7 12. Nbd2 Qc7 13. Ne5 Nxe5 14. dxe5 Nh7 15. Bxe7 Qxe7 16. Nf3 a6 17. Nd4 Ng5 18. f3 h4 19. Qe3 Nh7 20. Nb3 Nf8 21. Rac1 Rc8 22. Qa7 g5 23. Nd4 Ng6 24. Qb6 Nf4 25. Re3 O-O 26. Kh2 Qc7 27. Qb3 b5 28. Rce1 Qc4 29. Qd1 b4 30. Qd2 bxc3 31. bxc3 Rb8 32. Qf2 Rb7 33. g3 Ng6 34. gxh4 gxh4 35. f4 Rfb8 36. f5 Rb2 37. R1e2 Rxe2 38. Rxe2 exf5 39. e6 Qxc3 40. exf7+ Kg7 41. Nxf5+ Kf8 42. Nd6 Qg3+ 43. Qxg3 hxg3+ 44. Kxg3 Ne7 45. Kg4 Rb4+ 46. Kg5 Rb6 47. Re6 d4 48. Kf6 a5 49. Ke5 d3 50. Ne4 Rb5+ 51. Kf6 Nd5+ 52. Kg6 Ne7+ 53. Kf6 Nd5+ 54. Ke5 Ne7+ 55. Kf6 1/2-1/2


[Site "https://www.chess.com"]

[Event "Titled Tuesday Blitz March 21 Early 2023"]
[White "Rose, Felix"]
[Black "Zaichenko, Daria"]
[WhiteFideId "5105722"]
[BlackFideId "4197453"]
[WhiteElo "2039"]
[BlackElo "2039"]
[Result "0-1"]
[Round "09"]
[TimeControl "180+2"]
[Date "2023.03.21"]
[WhiteClock "0:00:03"]
[BlackClock "0:01:16"]

1. e4 c5 2. Nf3 Nc6 3. d4 cxd4 4. Nxd4 Nf6 5. Nc3 d6 6. Bg5 e6 7. Qd3 a6 8. O-O-O Bd7 9. f3 Be7 10. h4 b5 11. Nxc6 Bxc6 12. Ne2 d5 13. e5 Nd7 14. Bxe7 Qxe7 15. f4 Nc5 16. Qe3 Ne4 17. Nd4 Bb7 18. Kb1 O-O 19. Bd3 Rac8 20. g4 Qb4 21. f5 Nc3+ 22. Ka1 Nxd1 23. Rxd1 Qe7 24. f6 gxf6 25. Qh6 f5 26. gxf5 f6 27. Rg1+ Kh8 28. Nxe6 Rg8 29. Rxg8+ Rxg8 30. a3 d4 31. exf6 Qf7 32. b3 Bf3 33. Ng5 Qh5 0-1


[Site "https://www.chess.com"]

[Event "Titled Tuesday Blitz March 21 Early 2023"]
[White "Kuchava, Ana"]
[Black "Biriukov, Ilja"]
[WhiteFideId "13605348"]
[BlackFideId "4113373"]
[WhiteElo "2001"]
[BlackElo "2426"]
[Result "0-1"]
[Round "09"]
[TimeControl "180+2"]
[Date "2023.03.21"]
[WhiteClock "0:00:01"]
[BlackClock "0:01:11"]

1. d4 Nf6 2. Nf3 g6 3. c4 Bg7 4. Nc3 d6 5. e4 O-O 6. Be2 Nbd7 7. O-O e5 8. Re1 Re8 9. Bf1 c6 10. d5 cxd5 11. cxd5 a6 12. a4 Rf8 13. b4 Ne8 14. Bb2 f5 15. Rc1 Bh6 16. Rc2 Ndf6 17. Bd3 f4 18. h3 g5 19. Nh2 Bg7 20. Ng4 h5 21. Nxf6+ Nxf6 22. f3 g4 23. hxg4 hxg4 24. Kf2 Qb6+ 25. Ke2 gxf3+ 26. gxf3 Nh5 27. Kd2 Qxb4 28. Kc1 Bd7 29. Rh1 Ng3 30. Rg1 Rac8 31. Ne2 Bxa4 0-1


[Site "https://www.chess.com"]

[Event "Titled Tuesday Blitz March 21 Early 2023"]
[White "Sanchez, Robert"]
[Black "Levitan, Caleb Levi"]
[WhiteFideId "2034360"]
[BlackFideId "14332620"]
[WhiteElo "2172"]
[BlackElo "1963"]
[Result "0-1"]
[Round "09"]
[TimeControl "180+2"]
[Date "2023.03.21"]
[WhiteClock "0:00:44"]
[BlackClock "0:00:15"]

1. e4 e5 2. Nf3 Nc6 3. Bc4 Bc5 4. b4 Bxb4 5. c3 Be7 6. d4 Na5 7. Nxe5 Nxc4 8. Nxc4 d5 9. exd5 Nf6 10. Ne3 Nxd5 11. Nxd5 Qxd5 12. O-O O-O 13. Re1 Be6 14. Nd2 c5 15. Nb3 b6 16. Bb2 Rfd8 17. Rc1 Bf6 18. dxc5 bxc5 19. Qe2 Qg5 20. c4 Bxb2 21. Qxb2 Rab8 22. Re5 Qf6 23. Qc3 Rb4 24. Nd2 Bxc4 25. Rce1 Be6 26. Qxc5 Rb2 27. Nf3 Rc8 28. Qxc8+ 0-1


[Site "https://www.chess.com"]

[Event "Titled Tuesday Blitz March 21 Early 2023"]
[White "victormago"]
[Black "Palacio,Igor Da Paz"]
[BlackFideId "2121140"]
[WhiteElo "2238"]
[BlackElo "2126"]
[Result "1-0"]
[Round "09"]
[TimeControl "180+2"]
[Date "2023.03.21"]
[WhiteClock "0:00:33"]
[BlackClock "0:00:01"]

1. d4 Nf6 2. c4 g6 3. Nc3 d6 4. e4 Nbd7 5. Be2 Bg7 6. Bg5 h6 7. Be3 a6 8. Qd2 b6 9. f3 Bb7 10. Nh3 c5 11. d5 Rb8 12. a4 Bc8 13. Nf2 g5 14. O-O Ne5 15. b3 Ng6 16. Rac1 Nd7 17. Nd3 Nde5 18. g3 Bh3 19. Rf2 Nxd3 20. Bxd3 Ne5 21. Bf1 Bc8 22. Bg2 Bd7 23. Qe2 O-O 24. h3 b5 25. axb5 axb5 26. cxb5 Qa5 27. f4 gxf4 28. gxf4 Ng6 29. f5 Ne5 30. Qh5 Kh7 31. f6 exf6 32. Rxf6 Ng6 33. Rxd6 Bxb5 34. Nxb5 Qxb5 35. e5 Qxb3 36. Re1 Qc3 37. Bf2 Bxe5 38. Rxg6 fxg6 39. Qxe5 Qxe5 40. Rxe5 c4 41. Re7+ Kg8 42. Bd4 Rf7 43. d6 Rxe7 44. dxe7 Re8 45. Bd5+ Kh7 46. Bf6 1-0


[Site "https://www.chess.com"]